 Dungeon Crawl Stone Soup version 0.29-a0-284-gf9362112df (webtiles) character file.

Game seed: 17516256214129730593

83 yunder69 the Skirmisher (level 4, -2/41 HPs)
             Began as a Gnoll Abyssal Knight on Mar 23, 2022.
             Was a Believer of Lugonu.
             Killed by divine providence
             ... invoked by an orc priest
              (11 damage)
             ... on level 3 of the Dungeon.
             The game lasted 00:11:54 (3111 turns).

yunder69 the Skirmisher (Gnoll Abyssal Knight)      Turns: 3111, Time: 00:11:55

Health: -2/41      AC:  8    Str: 14    XL:     4   Next: 44%
Magic:  6/7        EV: 10    Int:  9    God:    Lugonu [**....]
Gold:   67         SH:  0    Dex: 13    Spells: 5/5 levels left

rFire   . . .      SeeInvis .   d - +1 spear (vorpal)
rCold   . . .      Faith    .   (no shield)
rNeg    . . .      Spirit   .   m - +0 scale mail
rPois   .          Reflect  .   (no helmet)
rElec   .          Harm     .   (no cloak)
rCorr   .          Rampage  .   (no gloves)
Will    .....                   p - +0 pair of boots
Stlth   ..........              (no amulet)
HPRegen 0.13/turn               (no ring)
MPRegen 0.10/turn               (no ring)

@: no status effects
A: fangs 1, strong nose, distributed training
a: Renounce Religion, Depart the Abyss, Bend Space


You were on level 3 of the Dungeon.
You worshipped Lugonu.
Lugonu was pleased with you.
You visited 1 branch of the dungeon, and saw 3 of its levels.
You visited the Abyss 1 time.

You collected 67 gold pieces.

Inventory:

Hand Weapons
 a - a +1 mace
 d - a +1 vorpal spear (weapon)
 o - a +0 flail
Armour
 m - a +0 scale mail (worn)
 p - a +0 pair of boots (worn)
Jewellery
 i - a ring of see invisible
Potions
 c - a potion of resistance {unknown}
 e - a potion of attraction {unknown}
 f - a potion of brilliance {unknown}
 h - a potion of curing
 j - a potion of lignification {unknown}
 n - a potion of heal wounds {unknown}


   Skills:
 + Level 6.6 Fighting
 + Level 1.1 Short Blades
 + Level 1.1 Long Blades
 + Level 1.1 Axes
 + Level 4.6 Maces & Flails
 + Level 1.1 Polearms
 + Level 1.1 Staves
 + Level 1.1 Slings
 + Level 1.1 Bows
 + Level 1.1 Crossbows
 + Level 1.1 Throwing
 + Level 4.6 Armour
 + Level 2.7 Dodging
 + Level 1.1 Stealth
 + Level 1.1 Shields
 + Level 1.1 Unarmed Combat
 + Level 1.1 Spellcasting
 + Level 0.9 Conjurations
 + Level 0.9 Hexes
 + Level 0.9 Summonings
 + Level 0.9 Necromancy
 + Level 0.9 Translocations
 + Level 0.9 Transmutations
 + Level 0.9 Fire Magic
 + Level 0.9 Ice Magic
 + Level 0.9 Air Magic
 + Level 0.9 Earth Magic
 + Level 0.9 Poison Magic
 + Level 4.7 Invocations
 + Level 1.1 Evocations


You had 5 spell levels left.
You didn't know any spells.
Your spell library contained the following spells:

 Spells                   Type           Power      Damage    Failure   Level
 Fulminant Prism          Conj/Hex       1%         3d6       100%        4
 Iskenderun's Mystic Bla  Conj/Tloc      2%         2d3       100%        4
 Olgreb's Toxic Radiance  Pois           2%         N/A       100%        4
 Lee's Rapid Deconstruct  Erth           1%         3d5*      100%        5
 Ozocubu's Refrigeration  Ice            1%         4d5       100%        7
 Ignition                 Fire           1%         3d3       100%        8


Dungeon Overview and Level Annotations

Branches:
Dungeon (3/15)

Altars:


Innate Abilities, Weirdness & Mutations

You have very sharp teeth.
Your uncanny sense of smell can sniff out nearby items.
Your experience applies equally to all skills.


Message History

You barely miss the orc. You bite the orc, but do no damage.
The orc priest casts a cantrip, but nothing happens.
The orc hits you with a +0 hand axe.
You barely miss the orc. The orc hits you with a +0 hand axe.
You hit the orc. Your bite misses the orc.
The orc is heavily wounded.
The orc priest mumbles some strange prayers to Beogh against you.
Pain shoots through your body! The orc barely misses you.
You hit the orc but do no damage.
The orc is heavily wounded.
The orc priest invokes the aid of Beogh against you.
Beogh smites you! The orc closely misses you.
You are too injured to fight recklessly!
You are too injured to fight recklessly!
You are too injured to fight recklessly!
You are too injured to fight recklessly!
You are too injured to fight recklessly!
You are too injured to fight recklessly!
You are too injured to fight recklessly!
You are too injured to fight recklessly!
You are too injured to fight recklessly!
Space bends around you!
You blink.
You feel better.
Okay, then.
You hit the orc but do no damage.
The orc is heavily wounded.
An orc comes into view. It is wielding a +0 hand axe.
The orc barely misses you.
You hit the orc.
You kill the orc!
Lugonu accepts your kill. The orc priest closely misses you.
The orc priest mumbles some strange prayers to Beogh against you.
Beogh smites you!
* * * LOW HITPOINT WARNING * * *
The orc priest attacks as you move away!
The orc priest barely misses you.
The orc priest invokes the aid of Beogh against you.
Beogh smites you!
You die...

≈≈≈**,,* *********...,,,,,,,,
≈≈**,,,* ########.###****,,,
***,,,,* #...........,,,,,,, *
*#.#** #.......#***,,*,*,, * #.#
#...).o.# *,,,,,,, *
#.##########..o....##***,*,,**
####.#........'.o)........,,*,,,,
..........#####.......####,,*,,*,
*#......#.# #.@.....#*,,,,,,,,,
###..#..#.# #.......#*,*,,**,*,
.....)..#.#####.......#,,,,,,,,,,
###..##...............#,,,,,*,,**
* #.[<#...............#,,,,,*,,**
* #...#........########,,,,,,,,**
**#...#........# *,,,*,,,,,,
,,#...#........# *,,,***,***
,,#...#........# *,,,,,,,,,,


You could see 2 orc priests and an orc.

Vanquished Creatures
  Terence (D:2)
  An adder (D:3)
  A dart slug (D:2)
  2 orcs (D:3)
  4 ball pythons
  5 endoplasms
  2 giant cockroaches (D:1)
  2 hobgoblins (D:1)
  6 jackals (D:1)
  A quokka (D:1)
  A bat (D:1)
  3 frilled lizards (D:1)
  6 goblins
  2 kobolds (D:1)
  5 rats
42 creatures vanquished.

Vanquished Creatures (others)
  10 withered plants (D:2)
10 creatures vanquished.

Grand Total: 52 creatures vanquished

Notes
Turn   | Place    | Note
-------+----------+-------------------------------------------
     0 | Abyss:1  | yunder69 the Gnoll Abyssal Knight began the quest for the
                  | Orb.
     0 | Abyss:1  | Reached XP level 1. HP: 23/23 MP: 3/3
     2 | Abyss:1  | Found a corrupted altar of Lugonu.
    34 | Abyss:1  | Noticed a fire bat
    36 | Abyss:1  | HP: 1/23 [fire bat (6)]
    37 | D:1      | Escaped the Abyss
   550 | D:1      | Reached XP level 2. HP: 29/29 MP: 5/5
   591 | D:1      | Reached ** piety under Lugonu
   987 | D:1      | Reached XP level 3. HP: 35/35 MP: 6/6
  1626 | D:2      | Found a faded altar of an unknown god.
  2072 | D:2      | Noticed Terence
  2085 | D:2      | Killed Terence
  2086 | D:2      | Reached skill level 1 in Short Blades
  2086 | D:2      | Reached skill level 1 in Long Blades
  2086 | D:2      | Reached skill level 1 in Axes
  2086 | D:2      | Reached skill level 1 in Polearms
  2086 | D:2      | Reached skill level 1 in Staves
  2086 | D:2      | Reached skill level 1 in Slings
  2086 | D:2      | Reached skill level 1 in Bows
  2086 | D:2      | Reached skill level 1 in Crossbows
  2086 | D:2      | Reached skill level 1 in Throwing
  2086 | D:2      | Reached skill level 1 in Stealth
  2086 | D:2      | Reached skill level 1 in Shields
  2086 | D:2      | Reached skill level 1 in Unarmed Combat
  2086 | D:2      | Reached skill level 1 in Spellcasting
  2086 | D:2      | Reached skill level 1 in Evocations
  2086 | D:2      | Reached XP level 4. HP: 12/41 MP: 7/7
  3111 | D:3      | Killed from afar by an orc priest

Illustrated notes

Levels and vault maps discovered:
D:1:      minmay_arrival_glassed_features, layout_loops_cross, feat_on_display
D:2:      layout_loops_corners, ebering_ecumenical_altar_petrified, uniq_terence
D:3:      layout_basic, lemuel_zombie_altar_yredelemnul,
          kennysheep_orc_sif_temple, kennysheep_flooded_box

Skill      XL: |  1  2  3 |
---------------+----------+-----
Short Blades   | 1 |  1.1
Long Blades    | 1 |  1.1
Axes           | 1 |  1.1
Polearms       | 1 |  1.1
Staves         | 1 |  1.1
Slings         | 1 |  1.1
Bows           | 1 |  1.1
Crossbows      | 1 |  1.1
Throwing       | 1 |  1.1
Stealth        | 1 |  1.1
Shields        | 1 |  1.1
Unarmed Combat | 1 |  1.1
Spellcasting   | 1 |  1.1
Evocations     | 1 |  1.1
Fighting       | |  6.6
Maces & Flails | |  4.6
Armour         | |  4.6
Dodging        | |  2.7
Conjurations   | |  0.9
Hexes          | |  0.9
Summonings     | |  0.9
Necromancy     | |  0.9
Translocations | |  0.9
Transmutations | |  0.9
Fire Magic     | |  0.9
Ice Magic      | |  0.9
Air Magic      | |  0.9
Earth Magic    | |  0.9
Poison Magic   | |  0.9
Invocations    | |  4.7

Action                   |  1- 3 |  4- 6 || total
-------------------------+-------+-------++-------
Melee: Mace              |    36 |       ||    36
       Spear             |    56 |    58 ||   114
       Bite              |     4 |    11 ||    15
       Punch             |       |     2 ||     2
Invok: Depart the Abyss  |     1 |       ||     1
       Bend Space        |     1 |     1 ||     2
  Use: Scroll            |       |     3 ||     3
       Potion            |       |     1 ||     1
Armor: Leather armour    |    17 |       ||    17
       Scale mail        |       |     2 ||     2
Dodge: Dodged            |    64 |     6 ||    70

Table legend: (Time is in decaauts)
 A = Elapsed time spent in this place.
 B = Non-inter-level travel time spent in this place.
 C = Inter-level travel time spent in this place.
 D = Time resting spent in this place.
 E = Time spent auto-exploring this place.
 F = Levels seen in this place.
 G = Mean time per level.
                   A        B        C        D        E       F      G
               +--------+--------+--------+--------+--------+-----+--------+
         Total |   3121 |   2476 |    645 |    759 |   1169 |   4 |  780.2 |
       Dungeon |   3083 |   2438 |    645 |    759 |   1137 |   3 | 1027.7 |
         Abyss |     37 |     37 |      0 |      0 |     32 |   1 |   37.0 |
               +--------+--------+--------+--------+--------+-----+--------+

Top non-repeatable levels by time:
     D:1: 1567 daAuts
     D:2: 1454 daAuts
     D:3: 61 daAuts
 Abyss:1: 37 daAuts
